 Dungeon Crawl Stone Soup version 0.31-a0-795-g5eb97db20b (webtiles) character file.

Game seed: 5859774041594594739

14 cforsyth the Sneak (level 2, -3/25 HPs)
             Began as a Djinni Delver on Sept 19, 2023.
             Was an Initiate of Hepliaklqana.
             Splashed by a jelly's acid (8 damage)
             ... on level 4 of the Dungeon.
             The game lasted 00:01:54 (442 turns).

cforsyth the Sneak (Djinni Delver)                   Turns: 442, Time: 00:01:55

Health: -3/25      AC: -4    Str: 11    XL:     2   Next: 60%
Gold:   30         EV: 12    Int: 11    God:    Hepliaklqana [......] SH:  0 Dex: 14

rFire   + + .        a - +0 falchion
rCold   x . .        (no shield)
rNeg    . . .        b - +0 leather armour
rPois   ∞            (no helmet)
rElec   .            (no cloak)
rCorr   .            e - +0 pair of gloves
SInv    .            (boots unavailable)
Will    .....        (no amulet)
Stlth   ++           (no ring)
HPRegen 0.24/turn    (no ring)
MPRegen 0.00/turn

%: infuse magic (-4 HP)
@: corroded, flying
A: sickness immunity, fire resistance 2, cold vulnerability 1, float, innate
caster, HP casting, extra vitality 1
a: Renounce Religion


You were on level 4 of the Dungeon.
You worshipped Hepliaklqana.
Hepliaklqana was noncommittal.
You visited 2 branches of the dungeon, and saw 3 of its levels.

You collected 30 gold pieces.

Inventory:

Hand Weapons
 a - a +0 falchion (weapon)
Armour
 b - a +0 leather armour (worn)
 e - a +0 pair of gloves (worn)
Jewellery
 h - a +6 ring of strength
Wands
 g - a wand of digging (3)
Scrolls
 c - a scroll of fog
 d - 2 scrolls of revelation


   Skills:
 + Level 3.3 Fighting
 - Level 1.7 Long Blades
 - Level 2.1 Dodging
 - Level 4.1 Stealth
 + Level 0.8 Spellcasting
 + Level 0.8 Conjurations
 + Level 0.8 Hexes
   Level 0.0 Charms
 + Level 0.8 Summonings
 + Level 0.8 Necromancy
 + Level 0.8 Translocations
 + Level 0.8 Transmutations
 + Level 0.8 Fire Magic
 + Level 0.8 Ice Magic
 + Level 0.8 Air Magic
 + Level 0.8 Earth Magic
 + Level 0.8 Poison Magic You didn't know any spells. Your spell library was empty.

Dungeon Overview and Level Annotations

Branches:
Dungeon (5/15)             Temple (1/1) D:4

Altars:
Ashenzari
Cheibriados
Dithmenos
Fedhas
Hepliaklqana
Qazlal
Trog
Uskayaw
Wu Jian
Yredelemnul
Zin
The Shining One


Innate Abilities, Weirdness & Mutations

You are immune to sickness and miasma.
You are immune to poison.
Your flesh is very heat resistant. (rF++)
You are vulnerable to cold. (rC-)
You float through the air rather than walking.
You learn spells naturally, not from books.
Your magical power is your life essence.
You have superior vitality. (+4 MHP)


Message History

You fly downwards.
Welcome to the Ecumenical Temple!
Found seven altars.
Found a staircase back to the Dungeon.
There is a staircase back to the Dungeon here.
Okay, then.
Unknown command.
Search for what [? for help]?
Okay, then.
Found four altars.
There is a hazy altar of Hepliaklqana here.
You hover solemnly before the altar of Hepliaklqana.
Hepliaklqana welcomes you!
There is a staircase back to the Dungeon here.
You fly upwards.
There is a staircase to the Ecumenical Temple here.
You see here a +0 pair of gloves.
e - a +0 pair of gloves You start putting on your armour.
You continue putting on your +0 pair of gloves. x4
You finish putting on your +0 pair of gloves.
An orc comes into view. It is wielding a +0 mace.
Found an escape hatch in the floor.
The jelly quivers.
The jelly jiggles.
A hound comes into view.
The jelly hits you but does no damage. The jelly attacks as it pursues you!
The jelly hits you but does no damage.
You hit the jelly.
Your hands burn!
The jelly is moderately wounded.
The jelly barely misses you.
You hit the jelly. The acid corrodes you!
Your hands burn!
The jelly is heavily wounded.
The jelly hits you.
You are splashed with acid!
You hit the jelly. The acid corrodes you!
Your hands burn!
* * * LOW HITPOINT WARNING * * *
You punch the jelly, but do no damage.
The jelly is severely wounded.
The jelly hits you.
* * * LOW HITPOINT WARNING * * *
You are splashed with acid!
You die...

#.# ... #.# #.#######h#.#
####.# #o##........#
.....# #>##.####.#.#
####.##########.##.#
####.##............####.#.
..........................
.###.......##...J.#####.#.
..#..#...#..#...@.#
#...##.8.##.............
#..##.....##......####^.
#.##..#.#..##.......
#....##.##......####
#[..##...##...#.#
#.8....>....8...#
....##...##...###
#....##.##....#


You could see a jelly and an orc (asleep).

Vanquished Creatures
  An adder (D:4)
  A worm (D:4)
  A hobgoblin (D:4)
  A kobold (D:4)
4 creatures vanquished.

Notes
Turn   | Place    | Note
-------+----------+-------------------------------------------
     0 | D:5      | cforsyth the Djinni Delver began the quest for the Orb.
     0 | D:5      | Reached XP level 1. HP: 20/20 MP: 0/0
    31 | D:5      | Noticed a black bear
   202 | D:4      | Noticed a jelly
   203 | D:4      | Found a staircase to the Ecumenical Temple.
   337 | D:4      | Reached XP level 2. HP: 3/25 MP: 0/0
   343 | D:4      | HP: 1/25 [constriction (1)]
   400 | Temple   | Entered the Ecumenical Temple
   404 | Temple   | Became a worshipper of Hepliaklqana the Forgotten
   442 | D:4      | Splashed by a jelly's acid

Illustrated notes

Levels and vault maps discovered:
D:4:      layout_loops_ring, nicolae_gozag_cash_rules_everything_around_me,
          minmay_temple_entry_waves, uniq_blork_the_orc
D:5:      layout_rooms
Temple:   hellmonk_temple_two_chambers

Action                     || total
---------------------------++-------
  Melee: Falchion          ||    36
         Punch             ||     1
    Use: Scroll            ||     3
         Potion            ||     2
 Armour: Leather armour    ||    33
  Dodge: Dodged            ||    30

Table legend: (Time is in decaauts)
 A = Elapsed time spent in this place.
 B = Non-inter-level travel time spent in this place.
 C = Inter-level travel time spent in this place.
 D = Time resting spent in this place.
 E = Time spent auto-exploring this place.
 F = Levels seen in this place.
 G = Mean time per level.
                   A        B        C        D        E       F      G
               +--------+--------+--------+--------+--------+-----+--------+
         Total |    434 |    429 |      5 |     13 |    179 |   3 |  144.7 |
       Dungeon |    425 |    424 |      1 |     13 |    179 |   2 |  212.5 |
        Temple |      8 |      4 |      4 |      0 |      0 |   1 |    8.0 |
               +--------+--------+--------+--------+--------+-----+--------+

Top non-repeatable levels by time:
     D:4: 380 daAuts
     D:5: 45 daAuts
  Temple: 8 daAuts
